 Dungeon Crawl Stone Soup version 0.27.1-3-gb3d3a73c9e (webtiles) character file.

Game seed: 4946902030735872193

2838 jlumianski the Cleaver (level 9, 0/79 HPs)
             Began as a Deep Dwarf Fighter on Oct 8, 2021.
             Was an Initiate of Makhleb.
             Slain by a sixfirhy (9 damage)
             ... summoned by a kobold demonologist
             ... in a bailey.
             The game lasted 00:32:44 (6381 turns).

jlumianski the Cleaver (Deep Dwarf Fighter)         Turns: 6381, Time: 00:32:45

Health: 0/79       AC: 11    Str: 24    XL:     9   Next: 46%
Magic:  6/6        EV: 11    Int:  8    God:    Makhleb [......]
Gold:   392        SH: 11    Dex: 12    Spells: 8/8 levels left

rFire    . . .     SeeInvis .   r - +4 hand axe
rCold    . . .     Faith    .   c - +0 kite shield
rNeg     . . .     Spirit   .   K - +0 steam dragon scales
rPois    .         Reflect  .   (no helmet)
rElec    .         Harm     .   o - +2 cloak
rCorr    .         Rampage  .   B - +0 pair of gloves
Will     ++...                  (no boots)
Stlth    ++........             (no amulet)
HPRegen  0.00/turn              u - ring of willpower
MPRegen  0.10/turn              (no ring)

@: studying Armour
A: damage resistance, heal wounds, sense surroundings 2, no regeneration
a: Heal Wounds, Renounce Religion


You were in a bailey.
You worshipped Makhleb.
Makhleb was noncommittal.
You visited 2 branches of the dungeon, and saw 8 of its levels.
You also visited: Bailey.

You collected 392 gold pieces.

Inventory:

Hand Weapons
 a - a +0 war axe
 d - a +4 flail of holy wrath
 h - a +2 hunting sling of freezing
 p - a +0 hunting sling
 r - a +4 hand axe (weapon)
 A - a +0 hunting sling
 J - a +2 halberd of flaming
Missiles
 f - 24 sling bullets
 l - 327 stones
 v - 19 poisoned darts
 w - a throwing net
 E - 8 boomerangs (quivered)
 L - 2 atropa-tipped darts
Armour
 b - a +0 scale mail
 c - a +0 kite shield (worn)
 o - a +2 cloak (worn)
 y - a scarf of invisibility
 B - a +0 pair of gloves (worn)
 K - +0 steam dragon scales (worn)
Magical Staves
 t - a staff of conjuration
Jewellery
 u - a ring of willpower (left hand)
 C - a ring of protection from fire
 H - a ring of protection from fire
Wands
 I - a wand of iceblast (4)
Scrolls
 g - 2 scrolls of noise
 i - a scroll of teleportation
 j - 2 scrolls of amnesia
 m - a scroll of silence
Potions
 e - 4 potions of curing
 k - 3 potions of heal wounds
 n - 2 potions of degeneration {unknown}
 q - 2 potions of mutation {unknown}
 s - 2 potions of flight
 x - a potion of lignification
 z - a potion of brilliance {unknown}
 D - a potion of resistance {unknown}
 G - a potion of magic {unknown}


   Skills:
 + Level 4.7 Fighting
 + Level 8.7 Axes
 + Level 0.8(1.0) Slings
 + Level 0.3(0.6) Throwing
 + Level 7.0 Armour
 + Level 3.9 Dodging
 - Level 1.6 Stealth
 + Level 7.5 Shields
 * Level 2.1 Invocations
 * Level 2.5 Evocations


You had 8 spell levels left.
You didn't know any spells.
Your spell library contained the following spells:

 Spells                   Type           Power      Damage    Failure   Level
 Foxfire                  Conj/Fire      0%         2x1d4     75%         1
 Conjure Flame            Conj/Fire      0%         6-21      98%         3
 Inner Flame              Hex/Fire       0%         N/A       98%         3


Dungeon Overview and Level Annotations

Branches:
Dungeon (7/15)             Temple (1/1) D:5          Bailey (1/1)

Altars:
Ashenzari
Cheibriados
Elyvilon
Fedhas
Kikubaaqudgha
Makhleb
Qazlal
Ru
Sif Muna
Trog
Uskayaw
Wu Jian
Xom
Zin
The Shining One

Annotations:
D:5 exclusion: oklob plant


Innate Abilities, Weirdness & Mutations

You are resistant to damage.
You can heal yourself by infusing magical energy.
You passively map the area around you.
You do not regenerate.


Message History

Beogh smites you!
* * * LOW HITPOINT WARNING * * *
Aiming: Iceblast
Press: ? - help, Shift-Dir - straight line, f/p - orc high priest
Aim: an orc high priest, wielding a +0 war axe and wearing a +0 scale mail (moderately wounded)
The mass of ice explodes!
The iceblast engulfs the orc high priest!
The orc high priest is heavily wounded.
The iceblast engulfs the smoke demon!!
The smoke demon is almost dead.
The orc knight roars a battlecry!
The orcs go into a battle-frenzy!
You feel much better.
An orc comes into view. It is wielding a +0 hand axe.
The orc high priest starts to sing a prayer.
You block the orc high priest's attack. The orc hits you with a +0 hand axe!
The sixfirhy hits you. The sixfirhy shocks you!
As you read the scroll of summoning, it crumbles to dust.
Wisps of shadow whirl around you...
The sixfirhy hits you but does no damage.
You block the sixfirhy's attack. The sixfirhy hits you.
The sixfirhy shocks you!
* * * LOW HITPOINT WARNING * * *
The orc high priest closely misses you. The orc barely misses your gnoll.
The orc hits your orc with a +0 hand axe.
The kobold demonologist looks satisfied for a moment.
A goblin comes into view. It is wielding a +0 hand axe.
You block the orc's attack. The orc barely misses your orc.
The orc hits your gnoll with a +0 hand axe.
The sixfirhy barely misses you.
You hit the orc high priest but do no damage.
The orc high priest is heavily wounded.
You barely miss the orc. You miss the sixfirhy. The sixfirhy hits you!
* * * LOW HITPOINT WARNING * * *
The sixfirhy shocks you!
* * * LOW HITPOINT WARNING * * *
The sixfirhy hits you.
* * * LOW HITPOINT WARNING * * *
The sixfirhy shocks you!
You die...

≈ ≈ ≈ ##'#....... , ≈
+g....3.3o., +, ≈
#.8o.....K. 8 ≈ ≈ ≈ ≈
#..K...g... , #g8o###* *,
,* ≈ ≈ #.g.3.####### ,, *
≈ #.8oo3#.....# *,≈ ≈
#..goo#.....# ≈ ≈≈
*+####3@#..⌠..# ,* + ≈ ,
#..oo....+ ,* , * * ≈≈
#oggo....+ , ≈
#####)))##### ** ≈ *
#....o.)....# +, ≈
≈≈≈######≈≈≈≈...≈≈≈≈######
≈ ≈≈≈≈≈≈≈≈≈≈...≈≈≈≈≈≈≈≈≈≈
≈ ≈≈≈≈≈≈≈≈≈≈≈...≈≈≈≈≈≈≈≈≈≈
≈ ≈≈≈≈≈≈≈≈≈≈≈...≈≈≈≈≈≈≈≈≈≈


You could see an orc knight, an orc high priest (strong, ally target), a sun
demon (summoned), a kobold demonologist, a sixfirhy (summoned, ally target), a
smoke demon (summoned, ally target), a gnoll, 3 orcs, 2 goblins, a friendly orc
warrior (summoned), a friendly orc wizard (summoned), 3 friendly gnolls and 4
friendly orcs.

Vanquished Creatures
  Maggie (D:5)
  Grinder (D:2)
  Sigmund (D:6)
  Edmund (D:3)
  A water moccasin (D:6)
  A necrophage (D:6)
  An orc warrior (D:5)
  3 ogres
  An ice beast (D:6)
  A centaur (D:4)
  A phantom (D:6)
  A kobold brigand (D:6)
  3 scorpions (D:5)
  A gnoll shaman (D:4)
  Crazy Yiuf (D:6)
  3 orc priests
  2 centaur skeletons
  2 hounds
  2 bullfrog skeletons (D:6)
  7 iguanas
  2 orc wizards (D:4)
  A hound skeleton (D:4)
  A mummy (D:4)
  A howler monkey skeleton (D:4)
  15 gnolls
  7 adders
  An adder skeleton (D:4)
  3 worms (D:2)
  A dart slug (D:4)
  22 orcs
  8 endoplasms
  4 giant cockroaches
  42 goblins
  30 hobgoblins
  3 jackals (D:2)
  12 kobolds
  3 quokkas
  5 ball pythons
  7 bats
  2 frilled lizards
  A hobgoblin zombie (D:4)
  3 orc zombies (D:4)
  4 rats (D:2)
213 creatures vanquished.

Vanquished Creatures (collateral kills)
  An iguana (D:5)
  A goblin (D:5)
2 creatures vanquished.

Vanquished Creatures (others)
  6 fungi (D:1)
  5 plants (D:1)
11 creatures vanquished.

Grand Total: 226 creatures vanquished

Notes
Turn   | Place    | Note
-------+----------+-------------------------------------------
     0 | D:1      | jlumianski the Deep Dwarf Fighter began the quest for the
                  | Orb.
     0 | D:1      | Reached XP level 1. HP: 20/20 MP: 1/1
   232 | D:1      | Reached XP level 2. HP: 12/27 MP: 2/2
   595 | D:1      | Found a faded altar of an unknown god.
   664 | D:2      | Reached XP level 3. HP: 23/34 MP: 3/3
   744 | D:2      | Reached skill level 1 in Dodging
  1088 | D:2      | Reached skill level 3 in Axes
  1328 | D:2      | Reached skill level 1 in Stealth
  1328 | D:2      | Reached XP level 4. HP: 26/42 MP: 4/4
  1462 | D:3      | Noticed Grinder
  1475 | D:2      | Paralysed by Grinder for 4 turns
  1483 | D:2      | Paralysed by Grinder for 6 turns
  1503 | D:2      | Paralysed by Grinder for 4 turns
  1517 | D:2      | Killed Grinder
  1518 | D:2      | Reached skill level 4 in Axes
  1518 | D:2      | Reached XP level 5. HP: 31/49 MP: 5/5
  1518 | D:2      | Reached XP level 6. HP: 35/56 MP: 6/6
  1743 | D:4      | Noticed Edmund
  1765 | D:3      | Killed Edmund
  1766 | D:3      | Reached skill level 5 in Axes
  1961 | D:4      | Reached XP level 7. HP: 12/62 MP: 7/7
  2085 | D:3      | Found a shimmering altar of Xom.
  2096 | D:3      | HP: 1/62 [iguana (11)]
  2515 | D:4      | Reached skill level 6 in Axes
  2572 | D:4      | Reached skill level 5 in Shields
  2594 | D:4      | Reached skill level 5 in Armour
  3258 | D:5      | Entered Level 5 of the Dungeon
  3358 | D:4      | Reached XP level 8. HP: 38/70 MP: 8/8
  3396 | D:4      | Reached skill level 7 in Axes
  3447 | D:5      | Found a white marble altar of Elyvilon.
  3472 | D:5      | Found an ornate altar of the Wu Jian Council.
  3900 | D:5      | Found a broken altar of Ashenzari.
  3997 | D:5      | Found a blossoming altar of Fedhas.
  4009 | D:5      | Noticed an oklob plant
  4321 | D:6      | Noticed Sigmund
  4331 | D:6      | Killed Sigmund
  4334 | D:6      | Noticed Maggie
  4335 | D:6      | Reached skill level 8 in Axes
  4471 | D:5      | Found a staircase to the Ecumenical Temple.
  4478 | Temple   | Entered the Ecumenical Temple
  5465 | D:6      | Found a burning altar of Makhleb.
  5483 | D:6      | Became a worshipper of Makhleb the Destroyer
  5549 | D:6      | Gained mutation: You passively map the area around you.
                  | [Deep Dwarf growth]
  5549 | D:6      | Reached XP level 9. HP: 48/79 MP: 6/6
  5571 | D:6      | Identified a scroll of acquirement
  5571 | D:6      | Acquired a manual of Armour
  5795 | D:5      | Killed Maggie
  5796 | D:5      | Reached skill level 1 in Invocations
  5796 | D:5      | Reached skill level 1 in Evocations
  6068 | D:6      | Found a runed translucent door.
  6069 | D:6      | Noticed Crazy Yiuf
  6078 | D:6      | Killed Crazy Yiuf
  6249 | D:7      | Found a flagged portal.
  6263 | Bailey   | Entered a bailey
  6368 | Bailey   | Found an iron altar of Okawaru.
  6368 | Bailey   | Noticed an orc high priest
  6368 | Bailey   | Noticed a kobold demonologist
  6369 | Bailey   | Noticed a sixfirhy
  6370 | Bailey   | Noticed an orc knight
  6370 | Bailey   | Noticed a sun demon
  6377 | Bailey   | Noticed a smoke demon
  6381 | Bailey   | Slain by a sixfirhy

Illustrated notes

Levels and vault maps discovered:
D:1:      nzn_arrival_crosshair, layout_basic,
          shapermc_ecumenical_altar_mp_urbaneastern, chequers_garden
D:2:      layout_basic, minmay_divided_ellipse
D:3:      layout_loops_ring, mainiacjoe_overflow_alcove_4, uniq_grinder
D:4:      layout_basic, amcnicky_mini_rare_corridor_liquid, minmay_mini_ossuary,
          uniq_edmund
D:5:      minmay_goblin_kobold_castle, layout_cave_pools,
          nicolae_wu_jian_wuxing_cycle, tgw_fedhas,
          nicolae_elyvilon_temple_path, cheibrodos_ashenzari_chains,
          temple_statues
D:6:      layout_loops_ring, makhleb_blood_cavern_becter,
          nicolae_ossuary_entry_false_entrances, minivault_25, uniq_maggie,
          uniq_sigmund, uniq_crazy_yiuf_cottage
D:7:      layout_rooms, mainiacjoe_overflow_big_doors, enter_bailey_6,
          minmay_misc_feat_iff, uniq_harold
Temple:   compressed_dpeg_triangle_lava_temple
Bailey:   bailey_axe_of_yendor_kennysheep, bailey

Skill      XL: |  1  2  3  4  5  6  7  8  9 |
---------------+----------------------------+-----
Fighting       | 3 4 |  4.7
Dodging        | 1 2 3 |  3.9
Axes           | 3 4 5 6 8 |  8.7
Stealth        | 1 |  1.6
Armour         | 4 5 6 7 |  7.0
Shields        | 4 5 7 |  7.5
Invocations    | 2 |  2.1
Evocations     | 2 |  2.5
Slings         | |  0.8
Throwing       | |  0.3

Action                   |  1- 3 |  4- 6 |  7- 9 || total
-------------------------+-------+-------+-------++-------
Melee: War axe           |   111 |    95 |       ||   206
       Hand axe          |       |    23 |   417 ||   440
 Fire: Hunting sling     |       |       |     5 ||     5
Throw: Stone             |     3 |       |       ||     3
       Boomerang         |       |       |     6 ||     6
 Abil: Heal Wounds       |     2 |     3 |    17 ||    22
Evoke: Wand              |       |       |     4 ||     4
  Use: Scroll            |     2 |     1 |    11 ||    14
       Potion            |       |     3 |     2 ||     5
Armor: Scale mail        |    69 |    50 |   153 ||   272
       Steam dragon scal |       |       |     6 ||     6
Dodge: Dodged            |    35 |    43 |   171 ||   249
Block: Kite shield       |    61 |    53 |   243 ||   357
